 Dungeon Crawl Stone Soup version 0.16-a0-262-g6fc725f (webtiles) character file.

283 Ololoev the Spear-Bearer (level 6, 0/44 HPs)
             Began as a Merfolk Death Knight on Aug 25, 2014.
             Was a Priest of Yredelemnul.
             Slain by Grinder (6 damage)
             ... on Level 4 of the Dungeon.
             The game lasted 00:15:13 (3436 turns).

Ololoev the Spear-Bearer (Merfolk Death Knight)     Turns: 3436, Time: 00:15:13

HP   0/44        AC 11     Str 13      XL: 6   Next: 28%
MP   9/9         EV  5     Int 11      God: Yredelemnul [***...]
Gold 131         SH  0     Dex 11 (15) Spells:  0 memorised,  5 levels left

rFire  . . .     SeeInvis .     a - +2 spear
rCold  . . .     Clarity  .     i - +2 chain mail {MR+}
rNeg   . . .     rCorr    .     (no shield)
rPois  .         rRot     .     (no helmet)
rElec  .         Spirit   .     (no cloak)
SustAb .         Warding  .     j - +0 pair of gloves
rMut   .         Stasis   .     (no boots)
Gourm  .                        (no amulet)
MR     +....                    (no ring)
                                m - ring of flight

@: very slightly contaminated, hasted, very quick, somewhat resistant to hostile
enchantments, extremely unstealthy
A: change form in water, swift swim
a: Animate Dead, Recall Undead Slaves, Injury Mirror, Renounce Religion, Evoke
Flight


You were on level 4 of the Dungeon.
You worshipped Yredelemnul.
Yredelemnul was most pleased with you.
You were not hungry.

You visited 1 branch of the dungeon, and saw 4 of its levels.

You collected 131 gold pieces.

Inventory:

Hand weapons
 a - a +2 spear (weapon)
Armour
 i - a +2 chain mail of magic resistance (worn)
 j - a +0 pair of gloves (worn)
Comestibles
 c - a bread ration
 g - a slice of pizza
 q - a meat ration
 v - a beef jerky
Scrolls
 f - 3 scrolls of teleportation
 h - 2 scrolls of amnesia
 k - a scroll of remove curse
 n - 3 scrolls of enchant weapon
Jewellery
 m - a ring of flight (left hand)
Potions
 b - a potion of restore abilities {unknown}
 d - 2 potions of agility
 e - 2 potions of resistance


   Skills:
 - Level 2.1 Fighting
 + Level 9.3 Polearms
 - Level 0.6 Armour
 - Level 1.3 Dodging
 - Level 3.0 Invocations


You had 5 spell levels left.
You didn't know any spells.

Dungeon Overview and Level Annotations

Branches:
Dungeon (4/15)
 Temple: D:4-7

Altars:
Gozag
Zin

Annotations:
D:4 Grinder


Message History

Grinder is moderately wounded.
Grinder hits you!
You writhe in agony.
* * * LOW HITPOINT WARNING * * *
Drink which item? (? for menu, Esc to quit)
You feel yourself speed up.
It was a potion of haste.
Grinder hits you.
* * * LOW HITPOINT WARNING * * *
You writhe in agony.
* * * LOW HITPOINT WARNING * * *
You are very lightly contaminated with residual magic.
Drink which item? (? for menu, Esc to quit)
There was something very wrong with that liquid!
You feel clumsy.
It was a potion of degeneration.
Grinder hits you but does no damage.
You hit Grinder but do no damage.
Grinder is moderately wounded.
You closely miss Grinder.
Grinder is moderately wounded.
Grinder hits you.
You die...
Your body rises from the dead as a mindless zombie.

.... .#### ### #...... ....# #..
...... ###. ....# #.# .....###
#.>. ....# #.# ...#.. ... ....#
#.# #.##.# #.#### ....#
#.#####.##.#####..... ....#
#.#...........[...#
....#####....)..@5........####.##
.Z........#.#...##..............#
##.####.........#########.#####..
#!##....).......## #.#
#.##.#......>....# #.#
#.##.###.#.##...## #<#
.#.........###.## #.#
#.###.##...# #.# #.# # #.##(..#
#.# #.#


You could see Grinder.

Vanquished Creatures
  An orc priest (D:3)
  A worker ant (D:4)
  A hound skeleton (D:4)
  2 gnolls (D:3)
  7 adders
  2 worms
  An ooze (D:1)
  11 orcs
  3 giant cockroaches
  2 goblins (D:2)
  7 hobgoblins
  6 ball pythons
  12 bats
  4 giant geckos
  5 giant newts
  6 kobolds
  A kobold skeleton (D:3)
  9 rats
81 creatures vanquished.

Vanquished Creatures (collateral kills)
  A hound (D:3)
  A gnoll (D:3)
  3 orcs (D:3)
  A ball python (D:3)
  A bat (D:1)
7 creatures vanquished.

Vanquished Creatures (others)
  2 bat zombies
  A gnoll zombie (D:3)
  A giant gecko zombie (D:3)
  3 hobgoblin zombies
  3 kobold zombies (D:3)
10 creatures vanquished.

Grand Total: 98 creatures vanquished

Notes
Turn   | Place    | Note
--------------------------------------------------------------
     0 | D:1      | Ololoev, the Merfolk Death Knight, began the quest for the Orb.
     0 | D:1      | Reached XP level 1. HP: 16/16 MP: 2/2
   195 | D:1      | Reached skill level 4 in Polearms
   195 | D:1      | Reached XP level 2. HP: 15/22 MP: 3/3
   982 | D:2      | Reached skill level 5 in Polearms
   982 | D:2      | Reached XP level 3. HP: 27/27 MP: 3/5
  1025 | D:2      | Acquired Yredelemnul's second power
  1341 | D:2      | Reached skill level 6 in Polearms
  1341 | D:2      | Reached XP level 4. HP: 30/33 MP: 6/6
  1383 | D:2      | Found an opulent altar of Gozag.
  1384 | D:2      | Found a glowing silver altar of Zin.
  1865 | D:3      | Reached skill level 7 in Polearms
  1865 | D:3      | Reached XP level 5. HP: 26/38 MP: 8/8
  2088 | D:3      | Reached skill level 8 in Polearms
  2882 | D:3      | Acquired Yredelemnul's third power
  2887 | D:3      | Reached XP level 6. HP: 26/44 MP: 9/9
  3332 | D:4      | Reached skill level 9 in Polearms
  3356 | D:4      | Noticed Grinder
  3368 | D:4      | Paralysed by Grinder for 5 turns
  3415 | D:4      | Paralysed by Grinder for 5 turns
  3436 | D:4      | Slain by Grinder

Action                   |  1- 3 |  4- 6 || total
-------------------------+-------+-------++-------
Melee: Spear             |   149 |   207 ||   356
Invok: Animate Remains   |     4 |     7 ||    11
       Animate Dead      |       |     2 ||     2
  Use: Scroll            |    10 |     2 ||    12
       Potion            |       |     3 ||     3
 Stab: Sleeping          |     1 |       ||     1
       Distracted        |       |     1 ||     1
  Eat: Chunk             |     2 |     7 ||     9
